BR
PLYMOUTH COCKS @ AMITY GARDENS WESTERNERS
09/06/2027
 
TOP OF THE 1ST
Plymouth Cocks batting - Pitching for Amity Gardens Westerners : RHP Cisco López
Pitching: RHP Cisco López
Batting: LHB Greg Sharpe 0-0: Ball
1-0: Ground out 1-3 (Groundball, 15S)
Batting: RHB Bart Wade 0-0: Called Strike
0-1: Ground out 6-3 (Groundball, 56)
Batting: LHB Lúcio Gómez 0-0: Ball
1-0: Foul Ball, location: 2F
1-1: Foul Ball, location: 2F
1-2: Strikes out looking
Top of the 1st over - 0 run(s), 0 hit(s), 0 error(s), 0 left on base; Plymouth 0 - Amity Gardens 0
BOTTOM OF THE 1ST
Amity Gardens Westerners batting - Pitching for Plymouth Cocks : RHP Aaron Williams
Pitching: RHP Aaron Williams
Batting: RHB Jorge García 0-0: Foul Ball, location: 2F
0-1: Fly out, F8 (Flyball, 8LD)
Batting: LHB Jack Mitchell 0-0: Ball
1-0: Foul Ball, location: 2F
1-1: DOUBLE (Flyball, 89D)
Batting: SHB Chris Barrett 0-0: Swinging Strike
0-1: Swinging Strike
0-2: Strikes out swinging
Batting: RHB Spike Walters 0-0: Foul Ball, location: 2F
0-1: Foul Ball, location: 2F
0-2: Ball
1-2: Ball
2-2: Ball
3-2: Strikes out swinging
Bottom of the 1st over - 0 run(s), 1 hit(s), 0 error(s), 1 left on base; Plymouth 0 - Amity Gardens 0
TOP OF THE 2ND
Plymouth Cocks batting - Pitching for Amity Gardens Westerners : RHP Cisco López
Batting: RHB Jason Cook 0-0: Ball
1-0: Ball
2-0: Foul Ball, location: 2F
2-1: Swinging Strike
2-2: Ball
3-2: Foul Ball, location: 2F
3-2: Foul Ball, location: 2F
3-2: Base on Balls
Batting: RHB Jeffrey Barker 0-0: Swinging Strike
0-1: Ball
Jason Cook steals 2nd base
1-1: Ball
2-1: Called Strike
2-2: Ground out 5-3 (Groundball, 56)
Batting: LHB T.J. Richardson 0-0: SINGLE (Line Drive, 9S)
Jason Cook to third
Runner from 3rd tries for Home, SAFE, no throw
Batting: RHB Rafael Hill 0-0: Ball
T.J. Richardson steals 2nd base
1-0: Foul Ball, location: 2F
1-1: Called Strike
1-2: Ball
2-2: DOUBLE (Line Drive, 78D)
T.J. Richardson scores
Batting: RHB Sam Elder 0-0: Ball
1-0: Ball
2-0: Ball
3-0: Called Strike
3-1: Foul Ball, location: 2F
3-2: Fly out, F8 (Flyball, 8RM)
Batting: LHB Barry Pierce 0-0: Foul Ball, location: 2F
0-1: Ground out 1-3 (Groundball, 13S)
Top of the 2nd over - 2 run(s), 2 hit(s), 0 error(s), 1 left on base; Plymouth 2 - Amity Gardens 0
BOTTOM OF THE 2ND
Amity Gardens Westerners batting - Pitching for Plymouth Cocks : RHP Aaron Williams
Batting: RHB Tomás Rivera 0-0: Ball
1-0: SINGLE (Flyball, 8RM)
Batting: RHB Frenk Klerk 0-0: Ball
1-0: Foul Ball, location: 2F
1-1: Ball
2-1: Swinging Strike
2-2: Ball
3-2: Strikes out swinging
Batting: RHB Mel Wells 0-0: Grounds into double play, 6-4-3 (Groundball, 6)
Bottom of the 2nd over - 0 run(s), 1 hit(s), 0 error(s), 0 left on base; Plymouth 2 - Amity Gardens 0
TOP OF THE 3RD
Plymouth Cocks batting - Pitching for Amity Gardens Westerners : RHP Cisco López
Batting: LHB Greg Sharpe 0-0: SOLO HOME RUN (Flyball, 9LD), Distance : 358 ft
Batting: RHB Bart Wade 0-0: Called Strike
0-1: Foul Ball, location: 2F
0-2: Ball
1-2: Ground out 6-3 (Groundball, 6M)
Batting: LHB Lúcio Gómez 0-0: Ball
1-0: Ball
2-0: Foul Ball, location: 2F
2-1: Called Strike
2-2: Ground out 6-3 (Groundball, 6)
Batting: RHB Jason Cook 0-0: Swinging Strike
0-1: Swinging Strike
0-2: Foul Ball, location: 2F
0-2: Ball
1-2: Ball
2-2: Fly out, F8 (Line Drive, 8RM)
Top of the 3rd over - 1 run(s), 1 hit(s), 0 error(s), 0 left on base; Plymouth 3 - Amity Gardens 0
BOTTOM OF THE 3RD
Amity Gardens Westerners batting - Pitching for Plymouth Cocks : RHP Aaron Williams
Batting: RHB Steve Myers 0-0: Ball
1-0: Ground out 5-3 (Groundball, 5L)
Batting: SHB Howard Romero 0-0: Ball
1-0: Ground out 3-1 (Groundball, 34)
Batting: RHB Jorge García 0-0: Ball
1-0: Ball
2-0: Swinging Strike
2-1: Fly out, F8 (Flyball, 8LS)
Bottom of the 3rd over - 0 run(s), 0 hit(s), 0 error(s), 0 left on base; Plymouth 3 - Amity Gardens 0
TOP OF THE 4TH
Plymouth Cocks batting - Pitching for Amity Gardens Westerners : RHP Cisco López
Batting: RHB Jeffrey Barker 0-0: Ball
1-0: Ball
2-0: Fly out, F6 (Popup, 6)
Batting: LHB T.J. Richardson 0-0: Called Strike
0-1: Ball
1-1: Ball
2-1: Swinging Strike
2-2: Ball
3-2: DOUBLE (Line Drive, 7)
Batting: RHB Rafael Hill 0-0: Foul Ball, location: 2F
0-1: Swinging Strike
0-2: Foul Ball, location: 2F
0-2: Strikes out swinging
Batting: RHB Sam Elder 0-0: Ball
1-0: Ground out 5-3 (Groundball, 56)
Top of the 4th over - 0 run(s), 1 hit(s), 0 error(s), 1 left on base; Plymouth 3 - Amity Gardens 0
BOTTOM OF THE 4TH
Amity Gardens Westerners batting - Pitching for Plymouth Cocks : RHP Aaron Williams
Batting: LHB Jack Mitchell 0-0: Fly out, F5 (Line Drive, 5L)
Batting: SHB Chris Barrett 0-0: Called Strike
0-1: Ball
1-1: Foul Ball, location: 2F
1-2: Strikes out swinging
Batting: RHB Spike Walters 0-0: Ball
1-0: Called Strike
1-1: Ball
2-1: Called Strike
2-2: Ball
3-2: Strikes out swinging
Bottom of the 4th over - 0 run(s), 0 hit(s), 0 error(s), 0 left on base; Plymouth 3 - Amity Gardens 0
TOP OF THE 5TH
Plymouth Cocks batting - Pitching for Amity Gardens Westerners : RHP Cisco López
Batting: LHB Barry Pierce 0-0: Ball
1-0: Ball
2-0: Called Strike
2-1: Ground out 1-3 (Groundball, P)
Batting: LHB Greg Sharpe 0-0: Foul Ball, location: 2F
0-1: Swinging Strike
0-2: Ball
1-2: Foul Ball, location: 2F
1-2: Strikes out swinging
Batting: RHB Bart Wade 0-0: Ball
1-0: Called Strike
1-1: Ball
2-1: DOUBLE (Line Drive, 7LM)
Batting: LHB Lúcio Gómez 0-0: Intentional Walk
Pitching: LHP Tony Grimes
Batting: RHB Jason Cook 0-0: Called Strike
0-1: Ball
1-1: Swinging Strike
1-2: Ball
2-2: Foul Ball, location: 2F
2-2: Ball
3-2: Foul Ball, location: 2F
3-2: Foul Ball, location: 2F
3-2: SINGLE (Line Drive, 4M)
Bart Wade to third
Lúcio Gómez to second
Bart Wade scores
Lúcio Gómez to third
Batting: RHB Jeffrey Barker 0-0: Called Strike
0-1: Ball
1-1: Ball
Jason Cook steals 2nd base
2-1: Ball
3-1: Foul Ball, location: 2F
3-2: Strikes out swinging
Top of the 5th over - 1 run(s), 2 hit(s), 0 error(s), 2 left on base; Plymouth 4 - Amity Gardens 0
BOTTOM OF THE 5TH
Amity Gardens Westerners batting - Pitching for Plymouth Cocks : RHP Aaron Williams
Batting: RHB Tomás Rivera 0-0: Called Strike
0-1: Ball
1-1: Called Strike
1-2: Ball
2-2: Ball
3-2: Strikes out swinging
Batting: RHB Frenk Klerk 0-0: Ball
1-0: Foul Ball, location: 2F
1-1: Called Strike
1-2: Strikes out swinging
Batting: RHB Mel Wells 0-0: Called Strike
0-1: Ball
1-1: Foul Ball, location: 2F
1-2: Ball
2-2: Strikes out swinging
Bottom of the 5th over - 0 run(s), 0 hit(s), 0 error(s), 0 left on base; Plymouth 4 - Amity Gardens 0
TOP OF THE 6TH
Plymouth Cocks batting - Pitching for Amity Gardens Westerners : LHP Tony Grimes
Batting: LHB T.J. Richardson 0-0: Ball
1-0: Foul Ball, location: 2F
1-1: Ground out 4-3 (Groundball, 34)
Batting: RHB Rafael Hill 0-0: Ball
1-0: Foul Ball, location: 2F
1-1: Ball
2-1: SINGLE (Groundball, 56D)
Batting: RHB Sam Elder 0-0: Called Strike
0-1: Ball
1-1: Foul Ball, location: 2F
1-2: Foul Ball, location: 2F
1-2: Ball
2-2: Fly out, F9 (Flyball, 9)
Batting: LHB Barry Pierce 0-0: Foul Ball, location: 2F
0-1: Swinging Strike
0-2: Strikes out swinging
Top of the 6th over - 0 run(s), 1 hit(s), 0 error(s), 1 left on base; Plymouth 4 - Amity Gardens 0
BOTTOM OF THE 6TH
Amity Gardens Westerners batting - Pitching for Plymouth Cocks : RHP Aaron Williams
Batting: RHB Steve Myers 0-0: Ball
1-0: Foul Ball, location: 2F
1-1: Swinging Strike
1-2: Ground out 5-3 (Groundball, 5)
Batting: SHB Howard Romero 0-0: Swinging Strike
0-1: Ground out 1-3 (Groundball, P)
Batting: RHB Jorge García 0-0: Foul Ball, location: 2F
0-1: Ball
1-1: Called Strike
1-2: Ground out 3-1 (Groundball, 34S)
Bottom of the 6th over - 0 run(s), 0 hit(s), 0 error(s), 0 left on base; Plymouth 4 - Amity Gardens 0
TOP OF THE 7TH
Plymouth Cocks batting - Pitching for Amity Gardens Westerners : LHP Tony Grimes
Batting: LHB Greg Sharpe 0-0: Swinging Strike
0-1: Called Strike
0-2: Foul Ball, location: 2F
0-2: Ball
1-2: Strikes out swinging
Batting: RHB Bart Wade 0-0: Called Strike
0-1: Ball
1-1: Ball
2-1: Ground out 4-3 (Groundball, 4)
Batting: LHB Lúcio Gómez 0-0: Called Strike
0-1: Ball
1-1: Called Strike
1-2: Ball
2-2: Foul Ball, location: 2F
2-2: Ground out 4-3 (Groundball, 4)
Top of the 7th over - 0 run(s), 0 hit(s), 0 error(s), 0 left on base; Plymouth 4 - Amity Gardens 0
BOTTOM OF THE 7TH
Amity Gardens Westerners batting - Pitching for Plymouth Cocks : RHP Aaron Williams
Batting: LHB Jack Mitchell 0-0: Ball
1-0: Foul Ball, location: 2F
1-1: Foul Ball, location: 2F
1-2: Ball
2-2: Ball
3-2: Foul Ball, location: 2F
3-2: Fly out, F8 (Flyball, 78M)
Batting: SHB Chris Barrett 0-0: Ball
1-0: Ball
2-0: Called Strike
2-1: Ball
3-1: Swinging Strike
3-2: Strikes out swinging
Batting: RHB Spike Walters 0-0: Ball
1-0: Ball
2-0: SINGLE (Line Drive, 78M)
Pitching: LHP Edwin Parker
Batting: RHB Tomás Rivera 0-0: Called Strike
0-1: Ball
1-1: Foul Ball, location: 2F
1-2: Strikes out swinging
Bottom of the 7th over - 0 run(s), 1 hit(s), 0 error(s), 1 left on base; Plymouth 4 - Amity Gardens 0
TOP OF THE 8TH
Plymouth Cocks batting - Pitching for Amity Gardens Westerners : LHP Tony Grimes
Batting: RHB Jason Cook 0-0: Swinging Strike
0-1: Ball
1-1: Ball
2-1: SOLO HOME RUN (Flyball, 78XD), Distance : 435 ft
Batting: RHB Jeffrey Barker 0-0: Ball
1-0: Ball
2-0: Ball
3-0: Base on Balls
Pitching: RHP Bill Weber
Batting: LHB T.J. Richardson 0-0: SINGLE (Groundball, 4S) (infield hit)
Jeffrey Barker to second
Batting: RHB Rafael Hill 0-0: Ball
1-0: Foul Ball, location: 2F
1-1: Ball
2-1: Swinging Strike
2-2: Ball
3-2: Strikes out swinging
Batting: RHB Sam Elder 0-0: Ball
1-0: Ball
2-0: Called Strike
2-1: Foul Ball, location: 2F
2-2: Strikes out swinging
Batting: LHB Barry Pierce 0-0: Ball
1-0: Ball
2-0: Foul Ball, location: 2F
2-1: Ball
3-1: Foul Ball, location: 2F
3-2: Fly out, F8 (Flyball, 8LD)
Top of the 8th over - 1 run(s), 2 hit(s), 0 error(s), 2 left on base; Plymouth 5 - Amity Gardens 0
BOTTOM OF THE 8TH
Amity Gardens Westerners batting - Pitching for Plymouth Cocks : LHP Edwin Parker
Now at 3B: River Cunningham
Now in LF: Cisco Villanueva
Batting: RHB Frenk Klerk 0-0: Ball
1-0: Foul Ball, location: 2F
1-1: Ball
2-1: Ball
3-1: SINGLE (Flyball, 9S)
Batting: RHB Mel Wells 0-0: Called Strike
0-1: Ball
1-1: Fly out, F9 (Line Drive, 9)
Batting: RHB Steve Myers 0-0: Called Strike
0-1: Swinging Strike
0-2: Fielders Choice at 2nd, 6-4 (Groundball, 6)
Batting: SHB Howard Romero 0-0: Fielders Choice at 2nd, 6-4 (Groundball, 6)
Bottom of the 8th over - 0 run(s), 1 hit(s), 0 error(s), 0 left on base; Plymouth 5 - Amity Gardens 0
TOP OF THE 9TH
Plymouth Cocks batting - Pitching for Amity Gardens Westerners : RHP Bill Weber
Batting: LHB Greg Sharpe 0-0: Called Strike
0-1: Ball
1-1: SINGLE (Line Drive, 34)
Batting: RHB Bart Wade 0-0: Ground out 4-3 (Groundball, 4MS)
Greg Sharpe to second
Batting: LHB Lúcio Gómez 0-0: Intentional Walk
Batting: RHB Jason Cook 0-0: Called Strike
0-1: Called Strike
0-2: Ball
1-2: Ball
2-2: Ground out 6-3 (Groundball, 6MS)
Greg Sharpe to third
Lúcio Gómez to second
Batting: RHB Jeffrey Barker 0-0: Foul Ball, location: 2F
0-1: Called Strike
0-2: Ball
1-2: Strikes out looking
Top of the 9th over - 0 run(s), 1 hit(s), 0 error(s), 2 left on base; Plymouth 5 - Amity Gardens 0
BOTTOM OF THE 9TH
Amity Gardens Westerners batting - Pitching for Plymouth Cocks : LHP Edwin Parker
Batting: RHB Jorge García 0-0: Ball
1-0: Swinging Strike
1-1: Foul Ball, location: 2F
1-2: Ball
2-2: Strikes out swinging
Batting: LHB Jack Mitchell 0-0: Ball
1-0: Foul Ball, location: 2F
1-1: Foul Ball, location: 2F
1-2: Foul Ball, location: 2F
1-2: Strikes out swinging
Batting: SHB Chris Barrett 0-0: Hit by Pitch
Batting: RHB Spike Walters 0-0: Foul Ball, location: 2F
0-1: Fly out, F6 (Popup, 6D)
Bottom of the 9th over - 0 run(s), 0 hit(s), 0 error(s), 1 left on base; Plymouth 5 - Amity Gardens 0
Thursday, March 30th, 2017 - OOTP Baseball 17.12 Build 75